 Dungeon Crawl Stone Soup version 0.31-a0-1549-g5ff9445e89 (webtiles) character file.

Game seed: 10475221263784072249

57 innerfire43 the Poker (level 3, -1/26 HPs)
             Began as a Demonspawn Wanderer on Jan 2, 2024.
             Slain by Sigmund
             ... wielding a +0 scythe
              (4 damage)
             ... on level 3 of the Dungeon.
             The game lasted 00:03:12 (1566 turns).

innerfire43 the Poker (Demonspawn Wanderer)         Turns: 1566, Time: 00:03:12

Health: -1/26      AC:  4    Str: 14 (15) XL:     3   Next: 73%
Magic:  5/5        EV: 11    Int:  7 (10) God:
Gold:   63         SH:  0    Dex: 12 (13) Spells: 4/5 levels left

rFire   . . .        a - +0 trident
rCold   . . .        (no shield)
rNeg    . . .        e - +0 leather armour
rPois   .            n - +0 helmet
rElec   .            (no cloak)
rCorr   .            (no gloves)
SInv    .            (no boots)
Will    .....        (no amulet)
Stlth   +            (no ring)
HPRegen 0.24/turn    (no ring)
MPRegen 0.09/turn

%: no passive effects
@: on berserk cooldown, slowed, very slow
A: powered by death 1
a: no special abilities


You were on level 3 of the Dungeon.
You visited 1 branch of the dungeon, and saw 3 of its levels.

You collected 63 gold pieces.

Inventory:

Hand Weapons
 a - a +0 trident (weapon)
 c - a +0 dagger
Missiles
 b - 7 boomerangs (quivered)
 f - a throwing net
 i - 5 javelins
 j - 3 atropa-tipped darts
Armour
 e - a +0 leather armour (worn)
 n - a +0 helmet (worn)
Jewellery
 q - an amulet of faith
Talismans
 m - a flux talisman
Scrolls
 d - a scroll of fear
 k - a scroll of teleportation {unknown}
 p - a scroll of silence {unknown}
Potions
 o - a potion of curing {unknown}


   Skills:
 + Level 1.4 Fighting
 + Level 2.9 Polearms
 + Level 1.8 Throwing
 + Level 1.4 Armour
 * Level 1.6 Spellcasting
 * Level 1.6 Earth Magic
 * Level 2.3 Invocations


You had 4 spell levels left.
You knew the following spells:

 Your Spells              Type           Power      Damage    Failure   Level
a - Sandblast             Erth           4%         2d4       24%         1

Your spell library contained the following spells:

 Spells                   Type           Power      Damage    Failure   Level
 Mercury Vapours          Alch/Air       0%         N/A       58%         2
 Stone Arrow              Conj/Erth      2%         3d7       71%         3
 Mephitic Cloud           Conj/Alch/Air  0%         N/A       82%         3
 Freezing Cloud           Conj/Ice/Air   0%         6-21      100%        5


Dungeon Overview and Level Annotations

Branches:
Dungeon (3/15)

Altars:

Annotations:
D:3 Sigmund


Innate Abilities, Weirdness & Mutations

You regenerate a little health from kills.


Message History

You throw a boomerang.
Sigmund casts a spell.
Sigmund flickers and vanishes!
Deactivating autopickup; reactivate with Ctrl-A.
You hear some strange, mumbled words.
A puff of flame appears from out of thin air!
The puff of flame hits you. Something hits you but does no damage.
You bump into the rock wall.
Something hits you!
You bump into the rock wall.
You miss something. Something hits you!
* * * LOW HITPOINT WARNING * * *
You're too confused to move!
You hear some strange, mumbled words.
You are more confused.
It was a potion of degeneration.
There was something very wrong with that liquid.
You feel weakened.
You feel dopey.
You feel clumsy.
It was a potion of heal wounds.
You feel much better.
It was a potion of berserk rage.
A red film seems to cover your vision as you go berserk!
You feel yourself moving faster!
You feel mighty!
You feel a strong urge to attack something.
Something hits you.
You bump into the rock wall.
You feel your anger nearly subside. Something hits you!
* * * LOW HITPOINT WARNING * * *
You barely miss something.
You feel a strong urge to attack something.
You feel less confused.
You are no longer berserk.
You are exhausted.
You feel yourself slow down.
You hear some strange, mumbled words.
Something tries to affect you, but you resist.
Something hits you but does no damage. Something hits you.
* * * LOW HITPOINT WARNING * * *
You hit something. Something hits you.
You die...

#....#.# #.. ..#
##....#.# #.# #..#
......#.###.####..###
....................#
#................#
#...##.###.###...#
#.. #.# #.# #...#
#...##.###.###...#
#....<..)....@...#
#.............{#.#
#...#..###.###.#.#
.........[...# #.#.#
.##...#..##### #.#.#
#...#..# #.#.# #..
#..# ....# #.. ....
#.###


There were no monsters in sight!

Vanquished Creatures
  2 adders (D:2)
  A ribbon worm (D:2)
  2 endoplasms (D:1)
  4 goblins
  6 hobgoblins
  5 kobolds
  3 quokkas
  5 ball pythons
  3 bats (D:1)
  A frilled lizard (D:1)
  4 rats
36 creatures vanquished.

Notes
Turn   | Place    | Note
-------+----------+-------------------------------------------
     0 | D:1      | innerfire43 the Demonspawn Wanderer began the quest for the
                  | Orb.
     0 | D:1      | innerfire43 set off with the following items: a +0 trident,
                  | 7 boomerangs, a +0 dagger, a scroll of fear, a +0 leather
                  | armour; and the following spell memorised: Sandblast; and
                  | the following spells available to memorise: Stone Arrow.
     0 | D:1      | Reached XP level 1. HP: 15/15 MP: 2/2
   151 | D:1      | Gained mutation: You regenerate a little health from kills.
                  | [demonic ancestry]
   151 | D:1      | Reached XP level 2. HP: 14/21 MP: 3/3
   159 | D:1      | HP: 1/21 [hobgoblin/+0 hand axe (8)]
   988 | D:2      | Reached XP level 3. HP: 14/26 MP: 5/5
  1542 | D:3      | Noticed Sigmund
  1566 | D:3      | Slain by Sigmund

Illustrated notes

Levels and vault maps discovered:
D:1:      dpeg_arrival_chambers_temple_mockup, layout_rooms,
          hangedman_abyss_or_decor_stabs, minmay_cut_off
D:2:      layout_rooms
D:3:      layout_basic, uniq_sigmund

Skill      XL: |  1  2 |
---------------+-------+-----
Invocations    | 2 |  2.3
Fighting       | |  1.4
Polearms       | |  2.9
Throwing       | |  1.8
Armour         | |  1.4
Spellcasting   | |  1.6
Earth Magic    | |  1.6

Action                     || total
---------------------------++-------
  Melee: Trident           ||   142
         Punch             ||     2
  Throw: Boomerang         ||     3
   Cast: Sandblast         ||     3
    Use: Potion            ||     3
   Stab: Sleeping          ||     2
 Armour: Leather armour    ||    91
  Dodge: Dodged            ||    64

Table legend: (Time is in decaauts)
 A = Elapsed time spent in this place.
 B = Non-inter-level travel time spent in this place.
 C = Inter-level travel time spent in this place.
 D = Time resting spent in this place.
 E = Time spent auto-exploring this place.
 F = Levels seen in this place.
 G = Mean time per level.
                   A        B        C        D        E       F      G
               +--------+--------+--------+--------+--------+-----+--------+
         Total |   1589 |   1497 |     92 |      0 |   1038 |   3 |  529.7 |
       Dungeon |   1589 |   1497 |     92 |      0 |   1038 |   3 |  529.7 |
               +--------+--------+--------+--------+--------+-----+--------+

Top non-repeatable levels by time:
     D:1: 940 daAuts
     D:2: 591 daAuts
     D:3: 56 daAuts
